 Dungeon Crawl Stone Soup version 0.24-a0-520-g8fd06ad0bc (webtiles) character file.

Game seed: 13004753309588861081

54 Froggeryz the Chopper (level 3, -4/34 HPs)
             Began as a Minotaur Berserker on July 24, 2019.
             Was a Believer of Trog.
             Killed from afar by Natasha (6 damage)
             ... with a magic dart
             ... on level 2 of the Dungeon.
             The game lasted 00:01:00 (974 turns).

Froggeryz the Chopper (Minotaur Berserker)           Turns: 974, Time: 00:01:01

Health: -4/34      AC:  2    Str: 22    XL:     3   Next: 66%
Magic:  2/2        EV: 12    Int:  4    God:    Trog [**....]
Gold:   35         SH:  0    Dex:  9    Spells: 2/2 levels left

rFire    . . .     SeeInvis .   a - +0 hand axe
rCold    . . .     Gourm    .   (no shield)
rNeg     . . .     Faith    .   b - +0 animal skin
rPois    .         Spirit   .   (helmet restricted)
rElec    .         Reflect  .   (no cloak)
rCorr    .         Harm     .   (no gloves)
MR       .....                  (no boots)
Stlth    +.........             (no amulet)
HPRegen  0.11/turn              (no ring)
MPRegen  0.08/turn              (no ring)

@: slowed, very slow
A: retaliatory headbutt, horns 2
a: Berserk, Trog's Hand, Renounce Religion


You were on level 2 of the Dungeon.
You worshipped Trog.
Trog was pleased with you.
You were not hungry.

You visited 1 branch of the dungeon, and saw 2 of its levels.

You collected 35 gold pieces.

Inventory:

Hand Weapons
 a - a +0 hand axe (weapon)
Armour
 b - a +0 animal skin (worn)
Scrolls
 d - a scroll of immolation {unknown}
 e - 2 scrolls of random uselessness {unknown}
 f - a scroll of enchant weapon {unknown}
 g - 2 scrolls of amnesia {unknown}
 h - 2 scrolls of identify {unknown}
 i - a scroll of enchant armour {unknown}
 j - 2 scrolls of remove curse {unknown}
Potions
 k - a potion of curing {unknown}
Comestibles
 c - 5 rations


   Skills:
 + Level 4.3 Fighting
 * Level 5.1 Axes
 - Level 2.4 Armour
 - Level 2.1 Dodging


You had 2 spell levels left.
You didn't know any spells.
Your spell library was empty.

Dungeon Overview and Level Annotations

Branches:
Dungeon (2/15)

Altars:

Annotations:
D:2 Natasha


Innate Abilities, Weirdness & Mutations

You reflexively headbutt those who attack you in melee.
You have a pair of horns on your head.


Message History

You are too injured to fight recklessly!
You are too injured to fight recklessly!
Unknown command.
You are too injured to fight recklessly!
You are too injured to fight recklessly!
You hit Natasha but do no damage. Your headbutt misses Natasha.
Natasha is almost dead.
You barely miss the crimson imp. Natasha claws you!
* * * LOW HITPOINT WARNING * * *
The crimson imp hits you.
* * * LOW HITPOINT WARNING * * *
Natasha claws you.
* * * LOW HITPOINT WARNING * * *
Unknown command.
You closely miss Natasha. Your headbutt misses Natasha.
Natasha is almost dead.
You miss the crimson imp. The crimson imp barely misses you.
Natasha stares at you and mumbles some strange words.
The magic dart hits you.
You die...

...............
#.#........#.#.
#.#.######.#.#. #.#
#.#.#. ####.# #..<#.
....# ######.#. ###..#
..........
#.<..#########....
#@#...............
......h5#.#.########....
#########...# #....
#.### #.... #.# #....
### #.... #####


You could see Natasha and a crimson imp.

Vanquished Creatures
  An adder (D:2)
  2 leopard geckos (D:1)
  4 bats
  3 giant cockroaches
  6 goblins
  8 hobgoblins
  3 jackals (D:2)
  3 kobolds (D:2)
  8 frilled lizards
  2 rats (D:2)
40 creatures vanquished.

Notes
Turn   | Place    | Note
-------+----------+-------------------------------------------
     0 | D:1      | Froggeryz the Minotaur Berserker began the quest for the
                  | Orb.
     0 | D:1      | Reached XP level 1. HP: 19/19 MP: 0/0
    85 | D:1      | Reached skill level 4 in Axes
   161 | D:1      | Reached XP level 2. HP: 19/27 MP: 1/1
   653 | D:2      | Reached XP level 3. HP: 33/33 MP: 2/2
   656 | D:2      | Reached ** piety under Trog
   781 | D:2      | Reached skill level 5 in Axes
   963 | D:2      | Noticed Natasha
   974 | D:2      | Killed from afar by Natasha

Levels and vault maps discovered:
D:1:      minmay_arrival_diagonal_passages, layout_loops_ring,
          minmay_lizard_king
D:2:      layout_basic, uniq_natasha

Skill      XL: |  1  2  3 |
---------------+----------+-----
Axes           | 4 5 |  5.1
Fighting       | 4 |  4.3
Armour         | |  2.4
Dodging        | |  2.1

Action                   || total
-------------------------++-------
Melee: Hand axe          ||    84
       Headbutt          ||    10
 Stab: Sleeping          ||     1
Armor: Animal skin       ||    17
Dodge: Dodged            ||    39

Table legend:
 A = Non-vault XP
 B = Vault XP
 C = Vault XP percentage of total XP
 D = Non-vault monster count
 E = Vault monster count
 F = Vault count percentage of total count
                 A         B        C        D         E       F
            +---------+---------+-------+---------+---------+-------
      Total |      69 |       9 |  11.5 |      33 |       7 |  17.5
            +---------+---------+-------+---------+---------+-------
        D:1 |      30 |       9 |  23.1 |      16 |       7 |  30.4
        D:2 |      39 |       0 |   0.0 |      17 |       0 |   0.0
            +---------+---------+-------+---------+---------+-------
